AoeStats
← [DDocs] ☣ Rapidler™ ☣

Lombardia

508715072Analyzed
4v4 RM · 7d ago on Sep 23, 2026· 95m 6s· 8 players
Game mode
Random Map
Map size
Large (8 player)
Population
200
Speed
Normal
Resources
Standard
Victory
Conquest
Starting age
Dark Age
Ending age
Imperial Age
RankedLock teamsTeams togetherTeam positionsShared explorationLock speedFull tech treeHidden civsTurbo modeCheats
Victory
Defeat
1590
+15
🇩🇪 Magyars · Germany
1570
+16
1480
+20
🇩🇪 Varangians · Germany
1453
+21
🇹🇼 Danes · Taiwan
1597
-19
1575
-18
🇹🇼 Byzantines · Taiwan
1561
-18
🇹🇼 Saxons · Taiwan
1543
-17
[DDocs] Dr.Klappstuhl
6:29 Loom
8:54 Feudal Age
9:32 Double-Bit Axe
10:13 Horse Collar
18:39 Castle Age
18:10 Fletching
19:24 Bodkin Arrow
19:32 Husbandry
19:45 Bow Saw
19:42 Heavy Plow
21:15 Wheelbarrow
20:56 Gold Mining
25:30 Hand Cart
28:21 Stone Mining
31:42 Gold Shaft Mining
34:25 Imperial Age
32:20 Padded Archer Armor
32:32 Bloodlines
32:23 Husbandry
34:07 Thumb Ring
33:54 Town Watch
34:50 Caravan
36:26 Two-Man Saw
35:57 Crop Rotation
36:18 Town Patrol
36:18 Heavy Cavalry Archer
37:58 Parthian Tactics
37:35 Bracer
38:37 Leather Archer Armor
39:45 Conscription
39:27 Recurve Bow
39:29 Treadmill Crane
40:11 Ballistics
40:52 Chemistry
40:03 Masonry
39:58 Siege Engineers
40:27 Murder Holes
42:00 Hoardings
41:57 Ring Archer Armor
41:33 Scale Barding Armor
47:07 Coinage
49:12 Banking
49:43 Elite Magyar Huszar
49:55 Sappers
50:26 Corvinian Army
69:42 Chain Barding Armor
71:36 Plate Barding Armor
[DDocs] Dr.Rollstuhl - Twitch
6:58 Loom
8:43 Feudal Age
10:03 Double-Bit Axe
10:17 Horse Collar
18:59 Castle Age
18:02 Fletching
19:50 Bow Saw
19:37 Bodkin Arrow
20:44 Wheelbarrow
20:51 Husbandry
20:55 Padded Archer Armor
22:30 Hand Cart
24:01 Town Watch
31:42 Imperial Age
30:10 Leather Archer Armor
30:03 Gold Mining
30:54 Thumb Ring
32:22 Ballistics
32:13 Fortified Wall
32:44 Bracer
34:08 Parthian Tactics
35:16 Chemistry
37:08 Caravan
37:55 Heavy Plow
38:38 Scale Barding Armor
38:44 Forging
39:29 Fortified Wall
39:25 Siege Engineers
40:28 Conscription
42:27 Drill
42:02 Elite Mangudai
44:07 Chain Barding Armor
44:23 Iron Casting
43:18 Capped Ram
44:38 Siege Ram
46:19 Bloodlines
47:42 Blast Furnace
46:04 Light Cavalry
47:11 Nomads
47:44 Hussar
50:14 Heavy Camel Rider
50:56 Scale Mail Armor
64:54 Coinage
65:02 Masonry
70:10 Chain Mail Armor
71:02 Pikeman
71:42 Squires
71:28 Arson
72:13 Plate Mail Armor
96:03 Hoardings
94:58 Sappers
95:22 Guard Tower
[DDocs] ☣ Rapidler™ ☣
10:20 Feudal Age
14:46 Castle Age
13:56 Double-Bit Axe
15:45 Bow Saw
19:44 Wheelbarrow
20:29 Horse Collar
25:00 Heavy Plow
25:34 Hand Cart
32:23 Imperial Age
30:36 Scale Mail Armor
31:28 Hamask
32:44 Caravan
34:31 Chain Mail Armor
33:50 Elite Jomsviking
35:49 Plate Mail Armor
35:47 Conscription
35:53 Onager
37:15 Forging
38:16 Siege Onager
40:19 Squires
43:09 Fletching
44:48 Chemistry
43:14 Northmen's Fury
47:37 Iron Casting
46:59 Bodkin Arrow
52:42 Capped Ram
53:56 Siege Ram
63:17 Blast Furnace
78:49 Bracer
[DDocs] Dr.Lehrstuhl
10:45 Feudal Age
10:54 Loom
15:16 Castle Age
13:13 Double-Bit Axe
16:03 Scale Barding Armor
16:10 Forging
21:43 Bow Saw
24:27 Wheelbarrow
26:27 Horse Collar
27:27 Gold Mining
29:49 Iron Casting
29:35 Chain Barding Armor
32:14 Imperial Age
30:08 Hand Cart
30:30 Bloodlines
30:26 Husbandry
31:48 Caravan
32:28 Cavalier
34:46 Plate Barding Armor
35:18 Blast Furnace
42:17 Conscription
41:27 Vendel Legacy
42:10 Fletching
43:39 Bodkin Arrow
47:40 Chemistry
46:04 Light Cavalry
54:35 Bracer
67:44 Hussar
69:52 Pikeman
76:57 Ballistics
76:12 Elite Varangian Guard
77:12 Gambesons
77:27 Squires
77:51 Murder Holes
78:17 Halberdier
78:58 Scale Mail Armor
80:28 Chain Mail Armor
85:02 Plate Mail Armor
84:20 Arson
85:21 Gothikon
BøM_R3gaN
7:05 Loom
9:29 Feudal Age
10:30 Double-Bit Axe
13:36 Fletching
15:17 Wheelbarrow
20:33 Castle Age
20:26 Padded Archer Armor
20:47 Gold Mining
20:40 Horse Collar
21:28 Crossbowman
22:55 Bodkin Arrow
23:43 Hand Cart
23:13 Town Watch
24:23 Caravan
29:26 Bow Saw
29:18 Heavy Plow
35:21 Imperial Age
33:39 Thumb Ring
33:51 Leather Archer Armor
35:20 Ballistics
35:51 Gold Shaft Mining
35:06 Stone Mining
35:32 Arbalester
36:13 Bracer
37:15 Chemistry
36:48 Caravan
39:08 Ring Archer Armor
38:30 Guard Tower
38:25 Arrowslits
39:54 Forging
39:44 Scale Mail Armor
40:29 Keep
40:12 Guilds
40:34 Coinage
42:33 Iron Casting
42:13 Chain Mail Armor
42:12 Masonry
41:42 Treadmill Crane
42:09 Siege Engineers
43:43 Banking
42:50 Shield Wall
43:51 Conscription
42:53 Clerical Recruitment
44:10 Hoardings
44:07 Architecture
44:41 Murder Holes
45:03 Pikeman
45:43 Squires
45:29 Arson
45:40 Halberdier
46:51 Plate Mail Armor
47:50 Bloodlines
47:40 Husbandry
47:00 Light Cavalry
58:33 Hussar
59:19 Scale Barding Armor
62:23 Elite Skirmisher
64:56 Chain Barding Armor
68:11 Two-Man Saw
72:28 Crop Rotation
BøM_antihack.exe
9:05 Loom
10:54 Feudal Age
12:40 Double-Bit Axe
15:37 Castle Age
13:42 Horse Collar
16:29 Bow Saw
17:20 Heavy Plow
24:32 Wheelbarrow
27:18 Gold Mining
27:47 Hand Cart
31:18 Imperial Age
29:48 Pikeman
30:44 Crossbowman
31:29 Thumb Ring
32:34 Gold Shaft Mining
32:26 Fletching
32:49 Padded Archer Armor
34:08 Ballistics
34:49 Chemistry
33:45 Bodkin Arrow
34:05 Leather Archer Armor
34:36 Bracer
35:18 Fortified Wall
35:23 Onager
36:54 Arbalester
41:45 Ring Archer Armor
42:08 Redemption
41:38 Elite Skirmisher
44:33 Caravan
46:43 Two-Man Saw
46:27 Scale Mail Armor
46:32 Scale Barding Armor
46:27 Scale Mail Armor
46:37 Forging
49:59 Hoardings
55:26 Chain Barding Armor
57:17 Iron Casting
57:18 Plate Barding Armor
57:49 Chain Mail Armor
56:58 Elite Cataphract
58:39 Logistica
65:18 Block Printing
65:29 Block Printing
69:38 Conscription
BøM_Sheuu
10:38 Feudal Age
8:56 Loom
12:30 Double-Bit Axe
14:47 Castle Age
13:53 Horse Collar
15:40 Bow Saw
19:49 Wheelbarrow
21:29 Town Watch
22:09 Hand Cart
24:38 Gold Mining
24:39 Stone Mining
26:30 Gold Shaft Mining
26:31 Stone Shaft Mining
29:23 Imperial Age
28:20 Scale Mail Armor
29:38 Chain Mail Armor
29:33 Forging
30:00 Ballistics
29:50 Heavy Plow
30:54 Conscription
29:56 Elite Jomsviking
30:38 Elite Jomsviking
32:05 Plate Mail Armor
32:42 Northmen's Fury
34:17 Iron Casting
33:53 Onager
34:45 Hamask
36:55 Blast Furnace
37:07 Hoardings
38:05 Caravan
37:58 Fletching
38:56 Siege Engineers
38:27 Siege Onager
40:31 Murder Holes
41:53 Capped Ram
43:18 Siege Ram
44:26 Squires
44:13 Arson
44:14 Gambesons
46:54 Masonry
49:12 Chemistry
51:05 Coinage
53:01 Banking
55:06 Bodkin Arrow
75:17 Bracer
再吵去東湖框你媽出場
7:20 Loom
10:09 Feudal Age
12:51 Double-Bit Axe
12:48 Horse Collar
20:40 Castle Age
20:53 Wheelbarrow
21:24 Bow Saw
21:31 Town Watch
21:53 Heavy Plow
23:45 Gold Mining
23:45 Stone Mining
28:13 Hand Cart
35:21 Imperial Age
34:04 Devotion
34:07 Caravan
35:45 Gold Shaft Mining
35:45 Stone Shaft Mining
35:25 Bloodlines
35:15 Husbandry
35:22 Scale Barding Armor
35:28 Forging
35:46 Elite War Elephant
36:47 Conscription
37:38 Chain Barding Armor
37:54 Iron Casting
38:51 Crop Rotation
39:10 Plate Barding Armor
39:36 Blast Furnace
40:09 Hoardings
40:21 Scale Mail Armor
40:11 Fletching
39:44 Light Cavalry
43:21 Coinage
43:01 Guilds
42:58 Cavalier
43:35 Bodkin Arrow
44:03 Ballistics
44:43 Chemistry
43:54 Masonry
43:28 Capped Ram
45:32 Banking
44:31 Siege Ram
46:13 Savar
51:32 Hussar
54:00 Two-Man Saw
53:35 Onager
75:07 Herbal Medicine
77:41 Citadels
Connection lost

Rejoining the realm…

Still unreachable

The connection could not be restored.

Session expired

The server has moved on; the page needs a fresh start.